 Dungeon Crawl Stone Soup version 0.29.0-13-gc9e81de378 (webtiles) character file.

Game seed: 3881637362636855026

491 styxcanada the Covert (level 6, -2/32 HPs)
             Began as a Spriggan Brigand on Sept 8, 2022.
             Slain by a bullfrog zombie (3 damage)
             ... on level 5 of the Dungeon.
             The game lasted 00:15:57 (4101 turns).

styxcanada the Covert (Spriggan Brigand)            Turns: 4101, Time: 00:15:58

Health: -2/32      AC:  4    Str:  7    XL:     6   Next: 91%
Magic:  7/7        EV: 18    Int: 13    God:
Gold:   193        SH:  0    Dex: 18    Spells: 5/5 levels left

rFire   . . .      SeeInvis +   j - +5 dagger
rCold   . . .      Faith    .   (no shield)
rNeg    . . .      Spirit   .   b - +1 robe
rPois   .          Reflect  .   (helmet restricted)
rElec   .          Harm     .   c - +0 cloak
rCorr   .          Rampage  .   (gloves unavailable)
Will    +....                   (boots unavailable)
Stlth   ++++......              (no amulet)
HPRegen 0.10/turn               m - ring of wizardry
MPRegen 0.10/turn               (no ring)

@: very quick
A: very small, no large weapons, unfitting armour, see invisible, speed 3
a: no special abilities


You were on level 5 of the Dungeon.
You visited 1 branch of the dungeon, and saw 5 of its levels.

You collected 265 gold pieces.
You spent 72 gold pieces at shops.

Inventory:

Hand Weapons
 a - a +2 dagger
 j - a +5 dagger (weapon)
 q - a +1 dagger of flaming
Missiles
 e - 6 curare-tipped darts (quivered)
 n - 29 stones
Armour
 b - a +1 robe (worn)
 c - a +0 cloak (worn)
Jewellery
 m - a ring of wizardry (left hand)
Wands
 k - a wand of charming (10)
 v - a wand of flame (13)
Scrolls
 i - 2 scrolls of teleportation
 p - a scroll of enchant armour
Potions
 f - 2 potions of flight
 g - 2 potions of haste
 h - a potion of heal wounds
 l - a potion of ambrosia
 o - 2 potions of cancellation {unknown}
 r - a potion of mutation {unknown}
 s - a potion of curing {unknown}
 t - a potion of brilliance {unknown}
 u - a potion of invisibility {unknown}
 w - a potion of resistance {unknown}
 x - 2 potions of magic {unknown}
 z - 2 potions of lignification {unknown}


   Skills:
 * Level 2.7 Fighting
 + Level 3.9 Short Blades
 + Level 2.8 Throwing
 * Level 3.6 Dodging
 * Level 9.2 Stealth
 * Level 1.7 Evocations


You had 5 spell levels left.
You didn't know any spells.
Your spell library contained the following spells:

 Spells                   Type           Power      Damage    Failure   Level
 Gell's Gravitas          Tloc           0%         N/A       34%         3
 Lesser Beckoning         Tloc           0%         N/A       34%         3
 Teleport Other           Tloc           0%         N/A       34%         3


Dungeon Overview and Level Annotations

Branches:
Dungeon (5/15)
 Temple: D:4-7

Altars:
Okawaru

Shops:
D:1 :!


Innate Abilities, Weirdness & Mutations

You are very small and have problems with some larger weapons.
You are too small for most types of armour.
You have supernaturally acute eyesight. (SInv)
You cover ground extremely quickly. (Speed+++)


Message History

The gnoll is moderately wounded.
The gnoll barely misses you.
You hit the gnoll.
The gnoll is heavily wounded.
The gnoll hits you with a +0 halberd!
You completely miss the gnoll.
The gnoll is heavily wounded.
The gnoll completely misses you.
You barely miss the gnoll.
The gnoll is heavily wounded.
You hit the gnoll.
The gnoll is severely wounded.
The gnoll hits you with a +0 halberd!
* * * LOW HITPOINT WARNING * * *
You puncture the gnoll!
You kill the gnoll!
You hit the bullfrog zombie.
The bullfrog zombie is lightly damaged.
The bullfrog zombie hits you but does no damage.
You hit the bullfrog zombie.
The bullfrog zombie is moderately damaged.
The bullfrog zombie misses you.
You barely miss the bullfrog zombie.
The bullfrog zombie is moderately damaged.
The bullfrog zombie barely misses you.
You puncture the bullfrog zombie!
The bullfrog zombie is heavily damaged.
The bullfrog zombie hits you.
* * * LOW HITPOINT WARNING * * *
You hit the bullfrog zombie.
The bullfrog zombie is severely damaged.
The bullfrog zombie closely misses you.
You hit the bullfrog zombie.
The bullfrog zombie is severely damaged.
The bullfrog zombie closely misses you.
You hear a distant slurping noise.
You hit the bullfrog zombie.
The bullfrog zombie is almost destroyed.
The bullfrog zombie hits you.
You die...

### ..# #.#
########.#
.........###
...g.......#
().......#Z#
......g..#@#
.........#.#
(.....)<.+(..#
#........##..#
#..(.....# ..#
########## ..#
..# #.# .#


You could see a bullfrog zombie.

Vanquished Creatures
  A phantom (D:4)
  A scorpion (D:4)
  A hound (D:4)
  2 orc priests (D:2)
  An iguana (D:4)
  An orc wizard (D:2)
  2 adders
  8 gnolls
  A white imp (D:4)
  2 ufetubi (D:4)
  2 worms
  A dart slug (D:2)
  11 orcs
  10 ball pythons
  5 endoplasms
  2 giant cockroaches
  4 hobgoblins
  6 jackals
  6 kobolds
  5 quokkas
  9 bats
  4 frilled lizards
  9 goblins
  7 rats
101 creatures vanquished.

Vanquished Creatures (others)
  A withered plant (D:5)
1 creature vanquished.

Grand Total: 102 creatures vanquished

Notes
Turn   | Place    | Note
-------+----------+-------------------------------------------
     0 | D:1      | styxcanada the Spriggan Brigand began the quest for the
                  | Orb.
     0 | D:1      | Reached XP level 1. HP: 10/10 MP: 2/2
    22 | D:1      | Found Soseor's Distillery.
    90 | D:1      | Reached skill level 6 in Stealth
   293 | D:1      | Found Cipsuwn's Vocational Training.
   302 | D:1      | Reached XP level 2. HP: 14/14 MP: 3/3
   749 | D:1      | Reached skill level 7 in Stealth
   896 | D:1      | Reached XP level 3. HP: 18/18 MP: 4/4
   925 | D:1      | Found a faded altar of an unknown god.
  1119 | D:1      | Bought a potion of heal wounds for 60 gold pieces
  1119 | D:1      | Bought a potion of degeneration for 12 gold pieces
  1390 | D:2      | Reached XP level 4. HP: 19/23 MP: 5/5
  1403 | D:2      | Reached skill level 8 in Stealth
  1417 | D:2      | Reached XP level 5. HP: 19/26 MP: 6/6
  2454 | D:3      | Found an iron altar of Okawaru.
  3027 | D:4      | Reached XP level 6. HP: 32/32 MP: 7/7
  3197 | D:4      | Reached skill level 1 in Evocations
  3380 | D:4      | Reached skill level 9 in Stealth
  4058 | D:5      | Entered Level 5 of the Dungeon
  4098 | D:5      | HP: 1/32 [bullfrog zombie (3)]
  4101 | D:5      | Slain by a bullfrog zombie

Illustrated notes

Levels and vault maps discovered:
D:1:      dpeg_arrival_windows_large_door, layout_basic, serial_shops, shop,
          shapermc_ecumenical_altar_petra, corexii_corridor_pit,
          nicolae_shop_vocational
D:2:      cheibrodos_pilgrimage, layout_basic, chequers_serial_rivers_micro_c
D:3:      layout_loops_ring, okawaru_metal_pillars_3
D:4:      layout_gridville, guppyfry_early_lair_pool
D:5:      layout_basic, vehumet_altar_wand_db, temple_hall, serial_undead,
          serial_undead_e, serial_undead_a, serial_undead_a, serial_undead_f,
          serial_undead_a, serial_undead_c, st_stairs_4

Skill      XL: |  1  2  3  4  5  6 |
---------------+-------------------+-----
Stealth        | 6 7 8 9 |  9.2
Fighting       | 2 |  2.7
Dodging        | 2 3 |  3.6
Short Blades   | 3 |  3.9
Evocations     | 1 |  1.7
Throwing       | |  2.8

Action                   |  1- 3 |  4- 6 || total
-------------------------+-------+-------++-------
Melee: Dagger            |    91 |   200 ||   291
       Punch             |     2 |     1 ||     3
Throw: Dart              |    18 |    28 ||    46
       Stone             |     1 |       ||     1
  Use: Potion            |       |     2 ||     2
       Scroll            |       |    12 ||    12
 Stab: Sleeping          |    12 |    15 ||    27
       Distracted        |     2 |       ||     2
Armor: Robe              |    12 |    23 ||    35
Dodge: Dodged            |    46 |   118 ||   164
